 Dungeon Crawl Stone Soup version 0.29-a0-284-gf9362112df (webtiles) character file.

Game seed: 6721357998438662639

154 being54 the Sneak (level 5, -2/24 HPs)
             Began as a Spriggan Enchanter on Mar 23, 2022.
             Killed from afar by Ijyb (11 damage)
             ... with an iceblast
             ... on level 3 of the Dungeon.
             The game lasted 00:03:52 (2048 turns).

being54 the Sneak (Spriggan Enchanter)              Turns: 2048, Time: 00:03:53

Health: -2/24      AC:  2    Str:  4    XL:     5   Next: 13%
Magic:  10/10      EV: 19    Int: 17    God:
Gold:   171        SH:  0    Dex: 17    Spells: 7/9 levels left

rFire   . . .      SeeInvis +   d - +0 rapier
rCold   . . .      Faith    .   (no shield)
rNeg    + . .      Spirit   .   b - +0 robe
rPois   .          Reflect  .   (helmet restricted)
rElec   .          Harm     .   (no cloak)
rCorr   .          Rampage  .   (gloves unavailable)
Will    .....                   (boots unavailable)
Stlth   ++++......              (no amulet)
HPRegen 0.08/turn               f - ring of flight
MPRegen 0.12/turn               h - ring of positive energy

@: flying, invisible, very quick
A: very small, no large weapons, unfitting armour, see invisible, speed 3
a: no special abilities


You were on level 3 of the Dungeon.
You visited 1 branch of the dungeon, and saw 3 of its levels.

You collected 171 gold pieces.

Inventory:

Hand Weapons
 a - a +1 dagger
 d - a +0 rapier (weapon)
Missiles
 e - 3 poisoned darts (quivered)
 i - a throwing net
Armour
 b - a +0 robe (worn)
Jewellery
 f - a ring of flight (left hand)
 h - a ring of positive energy (right hand)
Scrolls
 g - 2 scrolls of amnesia
Potions
 c - a potion of invisibility
 k - a potion of haste {unknown}
 l - a potion of cancellation


   Skills:
 - Level 1.1 Short Blades
 * Level 4.7 Dodging
 - Level 7.0 Stealth
 - Level 2.6 Spellcasting
 + Level 4.4 Hexes


You had 7 spell levels left.
You knew the following spells:

 Your Spells              Type           Power      Damage    Failure   Level
a - Ensorcelled Hibernat  Hex/Ice        18%        N/A       11%         2

Your spell library contained the following spells:

 Spells                   Type           Power      Damage    Failure   Level
 Confusing Touch          Hex            17%        N/A       9%          3
 Tukima's Dance           Hex            17%        N/A       9%          3
 Dazzling Flash           Conj/Hex       18%        N/A       22%         3


Dungeon Overview and Level Annotations

Branches:
Dungeon (3/15)

Altars:
Vehumet

Annotations:
D:3 Ijyb


Innate Abilities, Weirdness & Mutations

You are very small and have problems with some larger weapons.
You are too small for most types of armour.
You have supernaturally acute eyesight. (SInv)
You cover ground extremely quickly. (Speed+++)


Message History

You barely miss the goblin. The goblin completely misses you.
You hit the goblin.
You kill the goblin!
No target in view!
k - a bubbling dark potion You see here a +0 dagger.
You now have 132 gold pieces (gained 6).
You now have 147 gold pieces (gained 15).
Found a robe.
You see here a +0 club.
You now have 162 gold pieces (gained 15).
You see here a +0 club.
Things that are here:
a +0 club; a +0 leather armour You now have 171 gold pieces (gained 9).
Found a thick jewelled staff.
You see here a staff of death.
Found an escape hatch in the ceiling.
Ijyb and an endoplasm come into view.
Ijyb is wielding a +0 dagger, wearing a +1 ring mail of cold resistance and carrying a wand of iceblast (9).
Ijyb shouts!
The endoplasm quivers.
Ijyb zaps a wand.
The mass of ice explodes!
The iceblast engulfs the endoplasm!
The endoplasm dies!
The iceblast engulfs you!!
Ouch! That really hurt!
* * * LOW HITPOINT WARNING * * *
You hear a shout!
You fade into invisibility!
You feel much better.
Ijyb zaps a wand.
The mass of ice explodes!
The iceblast engulfs you!
Ouch! That really hurt!
You hit Ijyb.
Ijyb is lightly wounded.
Ijyb closely misses you.
You barely miss Ijyb.
Ijyb is lightly wounded.
Ijyb barely misses you.
Ijyb zaps a wand.
The mass of ice explodes!
The iceblast engulfs you!
You die...

#.......#..
##..###...# #########
#... #...## #.......#
#$#. #.#...
#.......#..........##
#.......#.# # .##.###
#.........# .###
#...<...## .....
#..g@....# ...#.
########.##### ##....
#.....###..###
#####...|..#[.
####...### ##.....
#...#. #..... #..###


You could see Ijyb (can't see you).

Vanquished Creatures
  An ogre (D:3)
  2 adders
  An ufetubus (D:3)
  A worm (D:3)
  A dart slug (D:2)
  2 orcs
  6 endoplasms
  A giant cockroach (D:3)
  5 goblins
  3 hobgoblins
  4 quokkas
  A ball python (D:2)
  11 bats
  3 frilled lizards
  A kobold (D:1)
  3 rats
46 creatures vanquished.

Vanquished Creatures (others)
  An endoplasm (D:3)
1 creature vanquished.

Grand Total: 47 creatures vanquished

Notes
Turn   | Place    | Note
-------+----------+-------------------------------------------
     0 | D:1      | being54 the Spriggan Enchanter began the quest for the Orb.
     0 | D:1      | Reached XP level 1. HP: 9/9 MP: 5/5
   171 | D:1      | Reached skill level 5 in Stealth
   519 | D:1      | Reached XP level 2. HP: 13/13 MP: 6/6
  1073 | D:2      | Reached skill level 6 in Stealth
  1085 | D:2      | Learned a level 2 spell: Ensorcelled Hibernation
  1360 | D:2      | Reached XP level 3. HP: 16/16 MP: 8/8
  1668 | D:3      | Reached skill level 7 in Stealth
  1789 | D:3      | Found a radiant altar of Vehumet.
  1824 | D:3      | Noticed an ogre
  1829 | D:3      | Killed an ogre
  1830 | D:3      | Reached XP level 4. HP: 21/21 MP: 6/9
  1830 | D:3      | Reached XP level 5. HP: 24/24 MP: 6/10
  2040 | D:3      | Noticed Ijyb
  2048 | D:3      | Killed from afar by Ijyb

Illustrated notes

Levels and vault maps discovered:
D:1:      wander_arrival_fairy_ring, layout_basic, grunt_decor_cap
D:2:      layout_rooms
D:3:      layout_rooms, mainiacjoe_overflow_catwalk,
          shapermc_ecumenical_altar_gd, serial_shops, shop, hex_medium,
          minmay_starry_boxes, uniq_ijyb, uniq_natasha

Skill      XL: |  1  2  3 |
---------------+----------+-----
Stealth        | 5 6 7 |  7.0
Dodging        | 4 |  4.7
Hexes          | 4 |  4.4
Short Blades   | |  1.1
Spellcasting   | |  2.6

Action                   |  1- 3 |  4- 6 || total
-------------------------+-------+-------++-------
Melee: Dagger            |    20 |       ||    20
       Rapier            |    62 |    19 ||    81
 Cast: Ensorcelled Hiber |     1 |       ||     1
  Use: Scroll            |     5 |       ||     5
       Potion            |       |     2 ||     2
 Stab: Sleeping          |    20 |     1 ||    21
Armor: Robe              |    10 |     1 ||    11
Dodge: Dodged            |    59 |    19 ||    78

Table legend: (Time is in decaauts)
 A = Elapsed time spent in this place.
 B = Non-inter-level travel time spent in this place.
 C = Inter-level travel time spent in this place.
 D = Time resting spent in this place.
 E = Time spent auto-exploring this place.
 F = Levels seen in this place.
 G = Mean time per level.
                   A        B        C        D        E       F      G
               +--------+--------+--------+--------+--------+-----+--------+
         Total |   1515 |   1483 |     32 |    357 |    868 |   3 |  505.0 |
       Dungeon |   1515 |   1483 |     32 |    357 |    868 |   3 |  505.0 |
               +--------+--------+--------+--------+--------+-----+--------+

Top non-repeatable levels by time:
     D:1: 742 daAuts
     D:2: 446 daAuts
     D:3: 326 daAuts
